 Dungeon Crawl Stone Soup version 0.14-a0-1613-gd720e3e (webtiles) character file.

19 PolkaDot the Caller (level 2, -3/19 HPs)
             Began as a Vampire Summoner on Dec 25, 2013.
             Slain by an adder (5 damage)
             ... on Level 1 of the Dungeon.
             The game lasted 00:01:36 (472 turns).

PolkaDot the Caller (Vampire Summoner)               Turns: 472, Time: 00:01:36

HP  -3/19        AC  2     Str  7      XL: 2   Next: 20%
MP   1/4         EV 12     Int 17      God:
Gold 7           SH  0     Dex 14      Spells:  1 memorised,  4 levels left

rFire  . . .     SeeInvis +     d - +0 dwarf dagger
rCold  . . .     Clarity  .     a - +0 robe
rNeg   + . .     Conserve .     (no shield)
rPois  .         rCorr    .     (no helmet)
rElec  .         rRot     .     (no cloak)
SustAb . .       Spirit   .     (no gloves)
rMut   .         Warding  .     (no boots)
Saprov . . .     Stasis   .     (no amulet)
                                (no ring)
                                (no ring)

@: not resistant to hostile enchantments, stealthy
A: fangs 3, see invisible, unbreathing
a: no special abilities


You were on level 1 of the Dungeon.
You were not thirsty.

You visited 1 branch of the dungeon, and saw 1 of its levels.

You collected 7 gold pieces.

Inventory:

Hand weapons
 d - a +0,+0 dwarven dagger (weapon)
Armour
 a - a +0 robe (worn)
Scrolls
 e - a scroll of enchant weapon II {unknown}
 f - a scroll of identify {unknown}
Books
 b - a book of Callings

   Spells                             Type                      Level
   *Summon Small Mammal               Summoning                    1
   Call Imp                           Summoning                    2
   Call Canine Familiar               Summoning                    3
   Summon Scorpions                   Summoning/Poison             4
   Summon Ice Beast                   Ice/Summoning                4


   Skills:
 * Level 1.3 Short Blades
 - Level 2.3 Dodging
 - Level 3.0 Stealth
 - Level 2.0 Spellcasting
 + Level 4.2 Summonings


You had 4 spell levels left.
You knew the following spells:

 Your Spells              Type           Power        Failure   Level  Hunger
a - Summon Small Mammal   Summ           ###.         3%          1    #......


Dungeon Overview and Level Annotations

Branches:
Dungeon (1/16)

Altars:


Innate Abilities, Weirdness & Mutations

You have razor-sharp teeth.
You have supernaturally acute eyesight.
You can survive without breathing.


Message History

The adder is lightly wounded.
Your bat hits the adder but does no damage.
Your rat bites the adder.
The adder misses you.
Your grey rat closely misses the adder.
You barely miss the adder.
The adder is moderately wounded.
Your bat hits the adder. The adder bites you.
Your rat barely misses the adder.
Your grey rat misses the adder.
You hit the adder but do no damage. Your bite misses the adder.
The adder is moderately wounded.
Your bat misses the adder. The adder barely misses you.
Your grey rat barely misses the adder.
Your rat closely misses the adder.
The adder bites you.
* * * LOW HITPOINT WARNING * * *
You closely miss the adder.
The adder is moderately wounded.
Your bat hits the adder but does no damage.
Your grey rat closely misses the adder.
Your rat barely misses the adder.
The adder bites you.
You die...

#.....#.# #.# #.##.# .......#.#
#.# #.##.# ........#.# #.#
#.##.# ...#.#.#)# #.# #.##.# .
..#.#.#.# #.# #.##.# ...
#.#.#)# #.# #.##.##
....#.#.#%####.###.##...
.........)...............
........r@#...##.###.##...
.......b.S..........#.##..#
......#...r.................
.......#.....................
.......................#.##...
........#.....#........#.##...
%.........................#...
..............%####.#.###[.#...
.........#####.# #.#.# #..#...


You could see an adder, a friendly grey rat, a friendly bat and a friendly rat.

Vanquished Creatures
  2 goblins (D:1)
  A jackal (D:1)
  2 kobolds (D:1)
  A bat (D:1)
  A giant cockroach (D:1)
  A rat (D:1)
8 creatures vanquished.

Vanquished Creatures (collateral kills)
  A giant cockroach (D:1)
  A jackal (D:1)
  A kobold (D:1)
  A goblin (D:1)
4 creatures vanquished.

Grand Total: 12 creatures vanquished

Notes
Turn   | Place    | Note
--------------------------------------------------------------
     0 | D:1      | PolkaDot, the Vampire Summoner, began the quest for the Orb.
     0 | D:1      | Reached XP level 1. HP: 13/13 MP: 3/3
   368 | D:1      | Reached skill level 1 in Short Blades
   370 | D:1      | Reached XP level 2. HP: 8/19 MP: 2/4
   472 | D:1      | Slain by an adder

Action                   || total
-------------------------++-------
Melee: Dagger            ||    47
       Unarmed           ||     6
 Cast: Summon Small Mamm ||     8
  Use: Potion            ||     1
 Stab: Sleeping          ||     1
